 Dungeon Crawl Stone Soup version 0.31-a0-978-g1e143483b6 (webtiles) character file.

Game seed: 16419149177988764988

811 timneilson the Ruffian (level 7, -5/46 HPs)
             Began as an Octopode Shapeshifter on Oct 31, 2023.
             Was an Initiate of Gozag.
             Shot with an arrow by a centaur (16 damage)
             ... on level 6 of the Dungeon.
             The game lasted 00:14:45 (4261 turns).

timneilson the Ruffian (Octopode Shapeshifter)      Turns: 4261, Time: 00:14:45

Health: -5/46      AC:  1    Str: 15    XL:     7   Next: 93%
Magic:  10/10      EV: 14    Int: 12    God:    Gozag
Gold:   9          SH:  0    Dex: 12    Spells: 8/10 levels left

rFire   . .          .
                       - Unarmed
rCold   . . .        (no shield)
rNeg    . . .        (helmet currently unavailable)
rPois   .            d - amulet of regeneration
rElec   .            l - ring of willpower
rCorr   .            r - +4 ring of slaying
SInv    .            (no ring)
Will    +....        (no ring)
Stlth   +++          (no ring)
HPRegen 1.07/turn    (no ring)
MPRegen 0.12/turn    (no ring)
                     (no ring)

%: no passive effects
@: beast-form
A: beast (slay +2), almost no armour, amphibious, 8 rings, camouflage 1,
gelatinous body 1, (nimble swimmer 1), tentacles
a: Begin Untransformation, Renounce Religion, Potion Petition, Call Merchant,
Bribe Branch


You were on level 6 of the Dungeon.
You worshipped Gozag.
Gozag was noncommittal.
You were a hulking beast.
You visited 2 branches of the dungeon, and saw 7 of its levels.

You collected 1372 gold pieces.
You spent 1296 gold pieces at shops.
You paid 67 gold pieces to Gozag.

Inventory:

Missiles
 e - a throwing net
Jewellery
 d - an amulet of regeneration (around mantle)
 l - a ring of willpower (left tentacle)
 r - a +4 ring of slaying (right tentacle)
Talismans
 b - a beast talisman
 c - a flux talisman
 m - a blade talisman
Wands
 h - a wand of quicksilver (8)
 j - a wand of charming (15)
Scrolls
 f - a scroll of torment
 k - 2 scrolls of identify
 n - 2 scrolls of blinking {unknown}
 o - 2 scrolls of immolation
 p - a scroll of fog
 q - a scroll of amnesia {unknown}
Potions
 a - 2 potions of lignification
 g - a potion of invisibility {unknown}
 i - 3 potions of curing {unknown}


   Skills:
 * Level 3.5 Fighting
 * Level 3.9 Dodging
 + Level 3.5 Stealth
 * Level 4.6 Unarmed Combat
 + Level 2.0 Spellcasting
 + Level 1.4 Translocations
 + Level 2.1 Evocations
 * Level 4.4 Shapeshifting


You had 8 spell levels left.
You knew the following spells:

 Your Spells              Type           Power      Damage    Failure   Level
a - Lesser Beckoning      Tloc           8%         N/A       22%         2

Your spell library contained the following spells:

 Spells                   Type           Power      Damage    Failure   Level
 Freeze                   Ice            4%         1d3       26%         1
 Gell's Gravitas          Tloc           4%         N/A       41%         3
 Teleport Other           Tloc           4%         N/A       41%         3
 Frozen Ramparts          Ice            2%         1d1       63%         3
 Hailstorm                Conj/Ice       1%         3d3       63%         3


Dungeon Overview and Level Annotations

Branches:
Dungeon (6/15)             Temple (1/1) D:4

Altars:
Ashenzari
Cheibriados
Dithmenos
Elyvilon
Fedhas
Gozag
Hepliaklqana
Kikubaaqudgha
Makhleb
Nemelex Xobeh
Okawaru
Qazlal
Ru
Sif Muna
Trog
Vehumet
Wu Jian
Xom
Yredelemnul
Zin
The Shining One

Shops:
D:1 =   D:4 *

Annotations:
D:4 2 transporters, KarmaKiller's ghost, amateur DsBe


Innate Abilities, Weirdness & Mutations

You are a hulking beast.
Your limbs bulge with bestial killing power. (Slay +2)
You cannot wear most types of armour.
You are amphibious.
You can wear up to eight rings at the same time.
Your skin changes colour to match your surroundings (Stealth+).
Your rubbery body absorbs attacks. (AC +1, EV +1)
((You are camouflaged when in or above water. (Stealth+)))
You have tentacles for arms and can constrict up to eight enemies at once.


Message History

r - a +4 ring of slaying (right tentacle)
There is a stone staircase leading down here.
You climb downwards.
There is a stone staircase leading up here.
Done exploring.
There is an open door here.
There is an open door here.
There is a stone staircase leading down here.
You climb downwards.
There is a stone staircase leading up here.
You climb upwards.
There is a stone staircase leading down here.
You climb downwards.
There is a stone staircase leading up here.
There is a stone staircase leading down here.
You climb downwards.
Level annotation: 2 transporters, KarmaKiller's ghost, amateur DsBe
There is a stone staircase leading up here.
The quasit gives a chilling moan.
You hear a chilling moan.
KarmaKiller's ghost turns its malevolent gaze towards you.
There is a transporter here.
You see here a +0 pair of gloves.
There is a stone staircase leading down here.
You climb downwards.
There is a stone staircase leading up here.
There is a stone staircase leading down here.
You climb downwards.
There is a stone staircase leading up here.
Found a stone staircase leading up.
A centaur comes into view.
The centaur shouts!
The centaur wields a +0 orcbow.
The centaur shoots an arrow.
The arrow misses you.
Found 4 poisoned darts.
The centaur shoots an arrow.
The arrow hits you!
The centaur shoots an arrow.
The arrow hits you!
The centaur shoots an arrow.
The arrow hits you!
* * * LOW HITPOINT WARNING * * *
The centaur shoots an arrow.
The arrow hits you!
You die...
Your body crumbles into a pile of gold.

# (###+## #
#.#...#####
#.##.#.......
.........c.#
..........#
#....h..#
###....##
#....# ##..<#
#..## #..######
#........
#.#######
######.########


You could see a centaur.

Vanquished Creatures
  2 black bears
  An ogre (D:5)
  A phantom (D:5)
  A scorpion (D:5)
  A jelly (D:5)
  2 hounds (D:5)
  4 orc priests (D:5)
  An iguana (D:4)
  An orc wizard (D:5)
  8 adders
  A shadow imp (D:5)
  2 worms
  A dart slug (D:1)
  3 orcs
  9 ball pythons
  4 bats
  5 endoplasms
  A giant cockroach (D:3)
  5 goblins
  2 hobgoblins
  3 jackals (D:3)
  6 kobolds
  3 quokkas
  2 frilled lizards (D:1)
  6 rats
75 creatures vanquished.

Notes
Turn   | Place    | Note
-------+----------+-------------------------------------------
     0 | D:1      | timneilson the Octopode Shapeshifter began the quest for
                  | the Orb.
     0 | D:1      | Reached XP level 1. HP: 13/13 MP: 1/1
   177 | D:1      | Reached XP level 2. HP: 18/18 MP: 2/2
   444 | D:1      | Found Pocothur's Jewellery Emporium.
   866 | D:2      | Reached XP level 3. HP: 23/23 MP: 3/3
   889 | D:2      | Reached skill level 1 in Stealth
  1535 | D:2      | Identified a scroll of acquirement
  1535 | D:2      | Acquired 965 gold pieces
  1571 | D:1      | Bought an amulet of regeneration for 360 gold pieces
  1623 | D:3      | Found an ornate altar of the Wu Jian Council.
  1751 | D:3      | Reached XP level 4. HP: 29/29 MP: 5/5
  1821 | D:3      | Found a basalt altar of Yredelemnul.
  2555 | D:4      | Found a radiant altar of Vehumet.
  2555 | D:4      | Found a white marble altar of Elyvilon.
  2614 | D:4      | Found a transporter.
  2620 | D:4      | Noticed KarmaKiller's ghost (amateur DsBe)
  2637 | D:4      | Found a transporter.
  2678 | D:4      | Found a staircase to the Ecumenical Temple.
  2679 | D:4      | Noticed a black bear
  2700 | D:4      | Killed a black bear
  2701 | D:4      | Reached skill level 1 in Spellcasting
  2701 | D:4      | Reached XP level 5. HP: 22/35 MP: 6/6
  2718 | Temple   | Entered the Ecumenical Temple
  2724 | Temple   | Became a worshipper of Gozag Ym Sagoz the Greedy
  3064 | D:4      | Reached skill level 1 in Evocations
  3077 | D:4      | Learned a level 2 spell: Lesser Beckoning
  3196 | D:4      | Found Okhyb's Serpentskin Sales.
  3226 | D:5      | Entered Level 5 of the Dungeon
  3252 | D:5      | Reached XP level 6. HP: 41/41 MP: 7/7
  3372 | D:5      | Noticed a black bear
  3382 | D:5      | Killed a black bear
  3503 | D:5      | Reached XP level 7. HP: 17/46 MP: 9/9
  3606 | D:5      | Reached skill level 1 in Translocations
  4098 | D:1      | Bought a +4 ring of slaying for 936 gold pieces
  4261 | D:6      | Shot with an arrow by a centaur

Illustrated notes

Levels and vault maps discovered:
D:1:      lemuel_arrival_broad_hall, layout_basic, serial_shops,
          nicolae_shop_gaudy_bauble, minmay_strange_pillars
D:2:      layout_basic, nicolae_titane
D:3:      layout_loops_ring, mainiacjoe_overflow_alcove_1,
          nicolae_overflow_hidden_temple, minmay_distorted
D:4:      layout_loops_ring, chequers_temple_overflow_statue_of_worship,
          minmay_temple_entry_sparse_star, gammafunk_ghost_stat_death,
          guppyfry_shop_venom
D:5:      layout_basic
D:6:      layout_loops_ring, kennysheep_minor_cross
Temple:   sentei_temple_godly_chess

Skill      XL: |  1  2  3  4  5  6  7 |
---------------+----------------------+-----
Stealth        | 1 2 3 |  3.5
Fighting       | 2 3 |  3.5
Dodging        | 3 |  3.9
Spellcasting   | 1 2 |  2.0
Evocations     | 1 2 |  2.1
Unarmed Combat | 4 |  4.6
Shapeshifting  | 4 |  4.4
Translocations | 1 |  1.4

Action                     |  1- 3 |  4- 6 |  7- 9 || total
---------------------------+-------+-------+-------++-------
  Melee: Unarmed           |    54 |    78 |    33 ||   165
         Constrict         |    15 |    15 |     8 ||    38
         Tentacles         |    14 |    20 |     7 ||    41
         Punch             |       |     4 |       ||     4
    Use: Scroll            |     8 |     2 |       ||    10
         Potion            |       |     1 |     1 ||     2
   Stab: Sleeping          |     5 |     9 |     1 ||    15
         Distracted        |       |     1 |       ||     1
 Armour: Skin              |    25 |    26 |    11 ||    62
  Dodge: Dodged            |    25 |    31 |    12 ||    68

Table legend: (Time is in decaauts)
 A = Elapsed time spent in this place.
 B = Non-inter-level travel time spent in this place.
 C = Inter-level travel time spent in this place.
 D = Time resting spent in this place.
 E = Time spent auto-exploring this place.
 F = Levels seen in this place.
 G = Mean time per level.
                   A        B        C        D        E       F      G
               +--------+--------+--------+--------+--------+-----+--------+
         Total |   4228 |   3813 |    415 |    258 |   2460 |   7 |  604.0 |
       Dungeon |   4220 |   3805 |    415 |    258 |   2460 |   6 |  703.3 |
        Temple |      8 |      8 |      0 |      0 |      0 |   1 |    8.0 |
               +--------+--------+--------+--------+--------+-----+--------+

Top non-repeatable levels by time:
     D:2: 1097 daAuts
     D:3: 882 daAuts
     D:5: 855 daAuts
     D:4: 723 daAuts
     D:1: 652 daAuts
     D:6: 8 daAuts
  Temple: 8 daAuts
